 Dungeon Crawl Stone Soup version 0.20-a0-577-g60d8699 (webtiles) character file.

190794 AlphabetPasta the Fencer (level 18, -3/169 HPs)
             Began as a Naga Fighter on Feb 5, 2017.
             Was the Champion of Cheibriados.
             Slain by Mara (illusionary)
             ... wielding a +1 demon trident of venom
              (15 damage)
             ... on level 4 of the Snake Pit on Feb 6, 2017.
             The game lasted 04:14:48 (35105 turns).

AlphabetPasta the Fencer (Naga Fighter)            Turns: 35105, Time: 04:14:49

Health: -3/169     AC: 40    Str: 43    XL:     18   Next: 62%
Magic:  29/29      EV: 14    Int: 28    God:    Cheibriados [******]
Gold:   333        SH: 17    Dex: 27    Spells: 14/32 levels left

rFire    . . .     SeeInvis +   a - +2 scimitar (venom)
rCold    + . .     Gourm    +   Y - +7 plate armour "Ishren Qaag" {rC- rN+ MR++ Str+4}
rNeg     + . .     Faith    .   E - +1 shield {reflect}
rPois    +         Spirit   .   n - +1 helmet of Kusuvin {rC++}
rElec    +         Reflect  +   B - +1 cloak
rCorr    .         Harm     .   T - +2 pair of gloves
MR       ++++.                  G - +0 naga barding
Stlth    ..........             P - amulet of the gourmand
Regen    0.4/turn               o - +4 ring of protection
                                R - ring "Ehot" {rElec Dex-2}

@: mighty, lethally poisoned (-3 -> -6), repel missiles, very slow
A: see invisible, deformed body, poison resistance, slowness 2, slow metabolism
1, spit poison 1, constrict 1, AC +6
a: Spit Poison, Bend Time, Temporal Distortion, Slouch, Step From Time, Renounce
Religion


You were on level 4 of the Snake Pit.
You worshipped Cheibriados.
Cheibriados was exalted by your worship.
You were very full.

You visited 5 branches of the dungeon, and saw 28 of its levels.
You visited 1 bazaar.

You collected 2545 gold pieces.
You spent 2212 gold pieces at shops.

Inventory:

Hand Weapons
 a - a +2 scimitar of venom (weapon)
 b - a +2 falchion of flaming
 U - a +2 long sword of holy wrath
Armour
 n - the +1 helmet of Kusuvin (worn) {rC++}
   (You found it on level 6 of the Lair of Beasts)

   It greatly protects you from cold.
 B - a +1 cloak (worn)
 E - a +1 shield of reflection (worn)
 G - a +0 naga barding (worn)
 T - a +2 pair of gloves (worn)
 Y - the +7 plate armour "Ishren Qaag" (worn) {rC- rN+ MR++ Str+4}
   (You bought it in a shop on level 2 of the Orcish Mines)

   It affects your strength (+4).
   It makes you vulnerable to cold.
   It protects you from negative energy.
   It affects your resistance to hostile enchantments.
Jewellery
 o - a +4 ring of protection (right hand)
 p - a +3 ring of dexterity
 r - an uncursed ring of flight
 A - an uncursed ring of protection from magic
 F - an uncursed ring of ice
 O - an uncursed ring of resist corrosion
 P - an amulet of the gourmand (around neck)
 R - the ring "Ehot" (left hand) {rElec Dex-2}
   (You bought it in a shop on level 2 of the Orcish Mines)

   [ring of dexterity]

   It affects your dexterity (-2).
   It insulates you from electricity.
Wands
 C - a wand of flame (1/48)
 J - a wand of paralysis (11/24)
 L - a wand of lightning (2/15)
 N - a wand of disintegration (15/24)
 Q - a wand of acid (7/15)
 V - a wand of scattershot (3/9)
Scrolls
 d - 4 scrolls of recharging
 e - 7 scrolls of magic mapping
 l - 3 scrolls of enchant weapon
 s - 6 scrolls of remove curse
 t - 3 scrolls of enchant armour
 x - 5 scrolls of fog
 y - 4 scrolls of blinking
 D - a scroll of silence
 I - 12 scrolls of teleportation
 W - a scroll of identify
Potions
 c - 2 potions of cancellation
 g - 5 potions of curing
 i - 3 potions of magic
 j - a potion of cure mutation
 m - 2 potions of flight
 v - a potion of might
 w - 2 potions of brilliance
 K - 3 potions of resistance
Books
 k - a book of Minor Magic

   Spells                             Type                      Level
   a - Magic Dart                     Conjuration                  1
   b - Blink                          Translocation                2
   c - Call Imp                       Summoning                    2
   d - Repel Missiles                 Charms/Air                   2
   e - Slow                           Hexes                        2
   f - Conjure Flame                  Conjuration/Fire             3
   g - Mephitic Cloud                 Conjuration/Poison/Air       3
Comestibles
 f - 24 bread rations
 h - 22 royal jellies
 u - 16 meat rations
 H - 41 fruits


   Skills:
 + Level 12.3 Fighting
 + Level 15.8 Long Blades
 - Level 2.0 Throwing
 + Level 10.1 Armour
 + Level 10.1 Dodging
 - Level 10.0 Shields
 + Level 7.9 Spellcasting
 + Level 5.3 Charms
 - Level 2.2 Necromancy
 + Level 4.6 Translocations
 - Level 4.5 Air Magic
 - Level 12.0 Invocations
 + Level 7.6 Evocations


You had 14 spell levels left.
You knew the following spells:

 Your Spells              Type           Power        Failure   Level  Hunger
a - Apportation           Tloc           #####.       3%          1    None
b - Blink                 Tloc           N/A          6%          2    None
c - Repel Missiles        Chrm/Air       #####.       6%          2    None
d - Shroud of Golubria    Chrm/Tloc      #####.....   6%          2    None
e - Song of Slaying       Chrm           #####...     4%          2    None
f - Regeneration          Chrm/Necr      ####......   14%         3    None
g - Deflect Missiles      Chrm/Air       #####.....   100%        6    ######.


Dungeon Overview and Level Annotations

Branches:
Dungeon (15/15)            Temple (1/1) D:4            Lair (6/6) D:9
 Shoals (0/4) Lair:2        Snake (4/4) Lair:4        Slime (0/5) Lair:5
    Orc (2/2) D:12            Elf (0/3) Orc:2        Vaults (0/5) D:14
 Depths (0/5) D:15

Altars:
Ashenzari
Cheibriados
Dithmenos
Elyvilon
Fedhas
Gozag
Hepliaklqana
Kikubaaqudgha
Makhleb
Nemelex Xobeh
Okawaru
Qazlal
Ru
Sif Muna
Trog
Uskayaw
Vehumet
Xom
Yredelemnul
Zin
The Shining One
Beogh
Jiyva

Shops:
D:9 !   D:10 [   D:11 ?   D:12 :=}:   Orc:1 :   Orc:2 =*([=

Annotations:
Lair:1 exclusion: 3 oklob plants
Snake:4 Mara


Innate Abilities, Weirdness & Mutations

You cannot wear boots.
Your serpentine skin is tough. (AC +6)
You have supernaturally acute eyesight. (SInv)
Armour fits poorly on your strangely shaped body.
Your system is resistant to poisons. (rPois)
You cover ground very slowly.
You have a slow metabolism.
You can spit poison.
You can use your snake-like lower body to constrict enemies.


Message History

Mara blinks! x2
You hit Mara.
Mara is lightly wounded.
You constrict Mara!
You block AlphabetPasta's illusion's attack.
Mara gestures at you. You resist with almost no effort.
You hit Mara.
Mara is lightly wounded.
You constrict Mara!
You feel sick. AlphabetPasta's illusion hits you.
* * * LOW HITPOINT WARNING * * *
You hit Mara.
Mara is poisoned.
Mara is lightly wounded.
You constrict Mara. You block Mara's attack.
AlphabetPasta's illusion hits you but does no damage.
You slice Mara!!
Mara looks as sick as possible!
Mara is moderately wounded.
You constrict Mara.
You feel sick.
Mara hits you with a demon trident of venom!
You die...

#.. ... ##.. ..... .....
...$ .....## #####.%. #.
....... ....#.#...
....... ...#...
.......########...#
........(...(##@)(##
........([[((((@R.(#
.....(..(÷(((.÷....##
........(.()........# .
.........###.......###..
#......####.(.R.........
....#.. #........!....
.....## #.(.(.(..(....
.... ##..(.....[....


You could see 2 Maras and AlphabetPasta's illusion.

Vanquished Creatures
  Rupert (Lair:5)
  Gastronok (Lair:1)
  Kirke (D:12)
  3 nagarajas
  Aizul (Snake:3)
  Louise (D:15)
  3 orc warlords (Orc:2)
  An ettin (D:15)
  Snorg (Lair:3)
  7 naga warriors
  6 hydras
  4 centaur warriors
  A catoblepas (D:13)
  A death knight (D:15)
  3 tengu warriors (D:15)
  9 anacondas
  32 two-headed ogres
  21 naga sharpshooters
  6 ogre magi
  4 shock serpents
  5 salamander mystics
  8 skeletal warriors
  A deep troll (D:15)
  A sea snake (Snake:2)
  A wizard (D:14)
  4 unseen horrors
  5 naga ritualists
  3 deep elf magi
  6 mana vipers
  4 orc knights
  15 ugly things
  3 orc sorcerers (Orc:1)
  11 salamanders
  2 wolf spiders (Lair:6)
  4 manticores
  3 cyclopes
  A salamander (shapeshifter) (D:14)
  3 centaur zombies
  A black mamba (shapeshifter) (D:14)
  6 naga magi
  A guardian serpent (Lair:6)
  Maurice (D:10)
  A molten gargoyle (D:14)
  41 black mambas
  4 gargoyles
  18 spiny frogs
  5 rime drakes
  A rime drake (shapeshifter) (D:15)
  8 komodo dragons
  A freezing wraith (D:15)
  A redback zombie (D:14)
  A tengu conjurer (D:15)
  A queen bee (Lair:4)
  A polar bear (Lair:2)
  9 wind drakes (D:15)
  14 trolls
  4 hornets
  3 slime creatures (D:14)
  A polar bear (shapeshifter) (D:14)
  3 meliai (Lair:4)
  11 hippogriffs
  29 blink frogs
  14 dream sheep
  5 air elementals (D:15)
  2 redbacks (Lair:6)
  2 vampires
  A tarantella (shapeshifter) (D:14)
  11 wyverns
  A wraith (D:13)
  3 shadows
  A fire elemental (D:14)
  2 basilisks
  32 yaks
  4 hungry ghosts
  9 vampire mosquitoes
  5 wargs
  40 nagas
  15 insubstantial wisps (D:15)
  An acid dragon (D:14)
  2 hell hounds (D:9)
  26 water moccasins
  5 porcupines
  5 black bears
  4 sky beasts
  31 orc warriors
  A hornet zombie (D:10)
  2 phantoms
  5 ice beasts
  4 necrophages
  36 ogres
  13 crocodiles
  13 wolves
  19 centaurs
  A big kobold (shapeshifter) (D:14)
  4 big kobolds
  20 bullfrogs
  2 wyvern zombies
  An earth elemental (D:14)
  2 wyvern skeletons
  2 scorpions
  A water moccasin skeleton (D:9)
  57 killer bees
  8 wights
  6 howler monkeys
  2 electric eels (Snake:2)
  2 bullfrog zombies
  9 crimson imps
  7 hounds
  3 quasits
  4 lava snakes (D:14)
  10 jellies
  30 orc wizards
  5 centaur skeletons
  21 orc priests
  2 gnoll shamans (D:7)
  A bullfrog skeleton (D:12)
  7 iguanas
  Natasha (thrice) (D:2)
  Ijyb (D:2)
  10 hell rats (Lair:2)
  14 worker ants
  A hound skeleton (D:7)
  2 howler monkey zombies
  7 gnolls (D:7)
  A howler monkey skeleton (D:5)
  19 adders
  14 river rats (Lair:2)
  7 shadow imps
  An ooze (D:7)
  3 worms
  A dart slug (D:5)
  8 leopard geckos
  99 orcs
  7 giant cockroaches
  4 hobgoblins
  6 jackals
  16 kobolds
  9 quokkas
  4 ball pythons
  6 bats
  8 frilled lizards
  8 goblins
  2 jackal zombies
  A leopard gecko zombie (D:5)
  A quokka skeleton (D:4)
  18 rats
1155 creatures vanquished.

Vanquished Creatures (others)
  Vashnia (Snake:4)
  A naga warrior (Snake:1)
  A centaur warrior (D:15)
  An anaconda (Snake:1)
  7 naga sharpshooters
  An ugly thing (D:11)
  3 naga magi
  A yaktaur (D:15)
  An air elemental (D:14)
  A water elemental (D:14)
  5 humans (D:12)
  7 nagas
  2 centaurs (D:15)
  A howler monkey (D:12)
  A crimson imp (D:14)
  18 ball lightnings (D:15)
  2 orcs
  A hobgoblin (D:1)
  17 fungi
  26 plants
98 creatures vanquished.

Grand Total: 1253 creatures vanquished

Notes
Turn   | Place    | Note
-------+----------+-------------------------------------------
     0 | D:1      | AlphabetPasta the Naga Fighter began the quest for the Orb.
     0 | D:1      | Reached XP level 1. HP: 21/21 MP: 1/1
   284 | D:1      | Reached XP level 2. HP: 25/28 MP: 2/2
   711 | D:2      | Noticed Ijyb
   748 | D:2      | Killed Ijyb
   748 | D:2      | Reached skill level 1 in Dodging
   748 | D:2      | Reached XP level 3. HP: 22/34 MP: 3/3
   902 | D:2      | You fall through a shaft for 2 floors!
  1211 | D:2      | Reached skill level 3 in Long Blades
  1236 | D:2      | Noticed Natasha
  1240 | D:2      | Killed Natasha
  1240 | D:2      | Reached XP level 4. HP: 35/42 MP: 4/4
  1303 | D:2      | Noticed Natasha
  1310 | D:2      | Killed Natasha
  1333 | D:2      | Noticed Natasha
  1338 | D:2      | Killed Natasha
  1338 | D:2      | Reached XP level 5. HP: 50/50 MP: 5/5
  1848 | D:3      | Reached skill level 4 in Long Blades
  2371 | D:4      | Found a staircase to the Ecumenical Temple.
  2382 | Temple   | Entered the Ecumenical Temple
  2408 | Temple   | Became a worshipper of Cheibriados the Contemplative
  2663 | D:4      | Reached XP level 6. HP: 44/57 MP: 6/6
  3038 | D:4      | Upgraded the game from 0.20-a0-565-g47d38b1 to 0.20-a0-567-gab3eba1
  3039 | D:5      | Entered Level 5 of the Dungeon
  3091 | D:5      | Noticed a phantom
  3135 | D:5      | Killed a phantom
  3179 | D:5      | Reached skill level 1 in Invocations
  3253 | D:5      | Reached * piety under Cheibriados
  3253 | D:5      | Reached XP level 7. HP: 23/66 MP: 8/8
  3336 | D:5      | Reached skill level 5 in Long Blades
  3998 | D:5      | Reached ** piety under Cheibriados
  4154 | D:6      | Reached XP level 8. HP: 61/73 MP: 8/10
  4202 | D:6      | Reached skill level 6 in Long Blades
  4348 | D:6      | Reached skill level 5 in Fighting
  4426 | D:6      | You fall through a shaft!
  4662 | D:7      | Reached *** piety under Cheibriados
  4684 | D:6      | Found a glowing silver altar of Zin.
  5290 | D:7      | Reached XP level 9. HP: 73/81 MP: 10/12
  5322 | D:7      | Reached skill level 7 in Long Blades
  5552 | D:7      | Found a stormy altar of Qazlal.
  5628 | D:7      | Reached **** piety under Cheibriados
  6160 | D:8      | Found a sacrificial altar of Ru.
  6442 | D:8      | Reached ***** piety under Cheibriados
  6833 | D:8      | Reached skill level 8 in Long Blades
  6887 | D:8      | Reached skill level 5 in Invocations
  7021 | D:8      | Reached XP level 10. HP: 91/91 MP: 13/13
  7094 | D:8      | You fall through a shaft for 2 floors!
  7094 | D:10     | Entered Level 10 of the Dungeon
  7119 | D:9      | Reached skill level 5 in Shields
  7337 | D:8      | Reached skill level 1 in Spellcasting
  7443 | D:9      | Found Toykalu's Distillery.
  7446 | D:9      | Bought a potion of heal wounds for 55 gold pieces
  7446 | D:9      | Bought a potion of invisibility for 88 gold pieces
  7446 | D:9      | Bought a potion of heal wounds for 55 gold pieces
  7446 | D:9      | Bought a potion of lignification for 33 gold pieces
  7446 | D:9      | Bought a potion of heal wounds for 55 gold pieces
  7446 | D:9      | Bought a potion of mutation for 27 gold pieces
  7764 | D:9      | Found a staircase to the Lair.
  7864 | D:9      | Found an opulent altar of Gozag.
  7987 | D:9      | Found an ancient bone altar of Kikubaaqudgha.
  8201 | D:9      | Reached skill level 1 in Evocations
  8417 | D:9      | Reached skill level 9 in Long Blades
  8722 | D:10     | Noticed an unseen horror
  8731 | D:10     | Reached skill level 5 in Dodging
  8747 | D:10     | Killed an unseen horror
  8747 | D:10     | Reached XP level 11. HP: 67/100 MP: 15/15
  8838 | D:10     | Reached skill level 5 in Armour
  9023 | D:10     | Reached ****** piety under Cheibriados
  9057 | D:10     | Found Sydomyrop's Armour Boutique.
  9060 | D:10     | Noticed Maurice
  9072 | D:10     | Killed Maurice
  9549 | D:10     | Noticed a two-headed ogre
  9881 | D:10     | Killed a two-headed ogre
  9970 | D:11     | Noticed a two-headed ogre
  9982 | D:11     | Killed a two-headed ogre
  9982 | D:11     | Reached skill level 10 in Long Blades
 10579 | D:11     | Noticed a two-headed ogre
 10590 | D:11     | Killed a two-headed ogre
 10798 | D:11     | Noticed a brown ugly thing
 10799 | D:11     | Noticed a brown ugly thing
 11107 | D:11     | Killed a red ugly thing
 11109 | D:11     | Found Efeecuply's Magic Scroll Emporium.
 11401 | D:11     | Noticed a two-headed ogre
 11411 | D:11     | Killed a two-headed ogre
 11593 | D:11     | Reached XP level 12. HP: 49/110 MP: 17/17
 11873 | D:11     | Noticed a three-headed hydra
 11877 | D:11     | Killed a one-headed hydra
 12349 | Lair:1   | Entered Level 1 of the Lair of Beasts
 13013 | Lair:1   | Noticed Gastronok
 13043 | Lair:1   | Killed Gastronok
 13043 | Lair:1   | Reached skill level 11 in Long Blades
 14136 | Lair:2   | Found a staircase to the Shoals.
 14484 | Lair:2   | Found a labyrinth entrance.
 15216 | Lair:2   | Gained mutation: You can use your snake-like lower body to constrict enemies. [Naga growth]
 15216 | Lair:2   | Reached XP level 13. HP: 74/118 MP: 17/19
 15896 | Lair:3   | Noticed Snorg
 15908 | Lair:3   | Killed Snorg
 16777 | Lair:4   | Reached skill level 12 in Long Blades
 17473 | Lair:4   | Learned a level 1 spell: Apportation
 17476 | Lair:4   | Learned a level 2 spell: Blink
 17491 | Lair:4   | Found a staircase to the Snake Pit.
 17981 | Lair:5   | Reached skill level 1 in Translocations
 18454 | Lair:5   | Reached XP level 14. HP: 63/129 MP: 21/21
 18458 | Lair:5   | Reached skill level 5 in Spellcasting
 18713 | Lair:5   | Found a runed door.
 18713 | Lair:5   | Found a viscous altar of Jiyva.
 18714 | Lair:5   | Found a staircase to the Slime Pits.
 18755 | Lair:5   | Noticed Rupert
 18758 | Lair:5   | Paralysed by Rupert for 5 turns
 18895 | Lair:5   | Killed Rupert
 19343 | Lair:6   | Entered Level 6 of the Lair of Beasts
 20009 | Lair:6   | Paralysed by a hornet for 3 turns
 20014 | Lair:6   | Reached skill level 13 in Long Blades
 20773 | Lair:6   | Reached skill level 10 in Fighting
 20983 | Lair:6   | Got a twisted helmet
 20994 | Lair:6   | Identified the +1 helmet of Kusuvin {rC++} (You found it on level 6 of the Lair of Beasts)
 22103 | D:11     | Learned a level 2 spell: Repel Missiles
 22105 | D:12     | Noticed Kirke
 22109 | D:12     | Noticed a sphinx
 22115 | D:12     | Killed Kirke
 22115 | D:12     | Reached XP level 15. HP: 106/138 MP: 22/24
 22130 | D:12     | Reached skill level 10 in Invocations
 22227 | D:12     | Found Jyidda's Jewellery Shoppe.
 22251 | D:12     | Upgraded the game from 0.20-a0-567-gab3eba1 to 0.20-a0-577-g60d8699
 22467 | D:12     | Found Saolum's Distillery.
 22539 | D:12     | Found Kysaug's Book Shoppe.
 22763 | D:12     | Reached skill level 1 in Charms
 22776 | D:12     | Found a staircase to the Orcish Mines.
 22784 | D:12     | Found Cearumor's Book Shop.
 22924 | D:12     | Found Rissapraxt's Gadget Emporium.
 23431 | Orc:1    | Entered Level 1 of the Orcish Mines
 23689 | Orc:2    | Entered Level 2 of the Orcish Mines
 23715 | Orc:2    | Noticed an orc warlord
 24065 | Orc:2    | Killed an orc warlord
 24065 | Orc:2    | Reached skill level 5 in Evocations
 24332 | Orc:2    | Found a staircase to the Elven Halls.
 24537 | Orc:1    | Found a roughly hewn altar of Beogh.
 24561 | Orc:1    | Found Angoumas's Book Boutique.
 24979 | Orc:2    | Reached skill level 1 in Air Magic
 24979 | Orc:2    | Reached skill level 14 in Long Blades
 25206 | Orc:2    | Found Lamuazac's Weapon Shoppe.
 25206 | Orc:2    | Found Vintewor's Jewellery Boutique.
 25210 | Orc:2    | Found Roleruciha's Armour Shoppe.
 25210 | Orc:2    | Found Zyrheoba's Assorted Antiques.
 25219 | Orc:2    | Bought a cursed -3 ring of protection for 22 gold pieces
 25219 | Orc:2    | Bought a cursed amulet of inaccuracy for 22 gold pieces
 25219 | Orc:2    | Bought the cursed ring "Ehot" {rElec Dex-2} for 115 gold pieces
 25219 | Orc:2    | Bought a cursed ring of teleportation for 49 gold pieces
 25226 | Orc:2    | Bought an embroidered cloak for 304 gold pieces
 25226 | Orc:2    | Bought a fine ruby amulet for 145 gold pieces
 25226 | Orc:2    | Bought a scroll of blinking for 217 gold pieces
 25226 | Orc:2    | Bought a scroll of teleportation for 87 gold pieces
 25257 | Orc:2    | Found Ygixzam's Jewellery Shop.
 25572 | Orc:1    | Noticed an orc warlord
 25572 | Orc:1    | Noticed an orc warlord
 25574 | Orc:1    | Reached XP level 16. HP: 129/148 MP: 19/25
 26988 | D:14     | Identified the amulet "Venuweh" {Inacc rElec Str+3 Int-5} (You bought it in a shop on level 2 of the Orcish Mines)
 27267 | D:14     | Found a gate to the Vaults.
 27874 | D:14     | Found a large runed door.
 27875 | D:14     | Found a large runed door.
 28182 | D:15     | Entered Level 15 of the Dungeon
 28955 | D:15     | Noticed Louise
 28981 | D:15     | Killed Louise
 29152 | D:15     | Reached skill level 15 in Long Blades
 29177 | D:15     | Found a staircase to the Depths.
 29349 | D:15     | Reached XP level 17. HP: 117/157 MP: 22/27
 29369 | D:15     | Identified the cursed +1 ring mail "Gob Reiph" {rN+ Int+3 SInv} (You found it on level 15 of the Dungeon)
 30518 | Orc:2    | Bought the +7 plate armour "Ishren Qaag" {rC- rN+ MR++ Str+4} for 869 gold pieces
 30777 | Snake:1  | Entered Level 1 of the Snake Pit
 30866 | Snake:1  | Found a gateway to a bazaar.
 30888 | Bazaar   | Entered a bazaar
 30888 | Bazaar   | Found Ogoe's General Store.
 30893 | Bazaar   | Found Voaloy's Book Shoppe.
 30896 | Bazaar   | Found Maskog's Armour Emporium.
 30899 | Bazaar   | Found Rician's Antique Weapon Shop.
 30923 | Bazaar   | Bought a scroll of enchant armour for 45 gold pieces
 30923 | Bazaar   | Bought a potion of might for 24 gold pieces
 31367 | Snake:1  | Reached skill level 1 in Throwing
 31852 | Snake:2  | Learned a level 2 spell: Shroud of Golubria
 31855 | Snake:2  | Learned a level 2 spell: Song of Slaying
 31878 | Snake:2  | Learned a level 3 spell: Regeneration
 31886 | Snake:2  | Learned a level 6 spell: Deflect Missiles
 32773 | Snake:3  | Noticed Aizul
 32787 | Snake:3  | Killed Aizul
 33013 | Snake:3  | Reached skill level 1 in Necromancy
 33178 | Snake:3  | Reached XP level 18. HP: 92/168 MP: 28/28
 33274 | Snake:3  | Reached skill level 10 in Shields
 34414 | Snake:3  | Reached skill level 10 in Dodging
 34417 | Snake:4  | Entered Level 4 of the Snake Pit
 34639 | Snake:4  | Noticed Vashnia
 34644 | Snake:4  | Reached skill level 10 in Armour
 34644 | Snake:4  | Reached skill level 5 in Charms
 34730 | Snake:4  | Killed Vashnia
 34731 | Snake:4  | Noticed Mara
 34734 | Snake:4  | Noticed AlphabetPasta's illusion
 35081 | Snake:4  | Noticed AlphabetPasta's illusion
 35105 | Snake:4  | Slain by Mara (illusionary)

Vault maps used:
D:1:      lordsloth_arrival_two_stooges, lemuel_old_faithful
D:2:      uniq_natasha, uniq_iyjb
D:4:      minmay_temple_entry_statues_fountains, minivault_14
D:5:      first_bread, minmay_lizard_king
D:6:      minmay_cornered_nines, overflow_temple_1_default
D:7:      grunt_qazlal_sundering
D:8:      lemuel_round_altar, kennysheep_generic_room_12
D:9:      lemuel_crystal_altar, minmay_lair_entry_lava, basic_altar,
          serial_shops, shop
D:10:     serial_shops, shop_fountains, uniq_maurice
D:11:     serial_shops, nicolae_shop_statue_plus, hangedman_ranch
D:12:     minmay_box_of_statues, orc_0_dummy, serial_shops, shop,
          shop_fountains, nicolae_shop_waterfront,
          nicolae_shop_temple_entry_statues_fountains, shop, uniq_kirke
D:13:     kennysheep_nub
D:14:     erik_rubicon_a, david_vaults_2, lightli_elemental_guards
D:15:     hangedman_depths_entry_civil_slaughter, nicolae_two_hexagons,
          aerie_lemuel, uniq_louise
Temple:   minmay_crystal_spiral_temple
Lair:1:   minmay_lair_oklob_chamber, grunt_megastairs_4,
          infiniplex_staircase_pool, uniq_gastronok
Lair:2:   lemuel_ratsnest, minmay_shoals_entry_beasts, lab_entry_generic
Lair:3:   grunt_megastairs_5, uniq_snorg
Lair:4:   minmay_snake_entry_guardpost_medium, special_room, minivault_26
Lair:5:   slime_altar_2, st_stairs_7, lemuel_fruit_tree,
          infiniplex_staircase_pool_2, uniq_rupert
Lair:6:   hangedman_lair_tendril_chambers, st_stairs_10
Snake:1:  serial_shops, freezing_bzr
Snake:2:  nicolae_snake_nest, serial_bayou_shore_a
Snake:3:  uniq_aizul
Snake:4:  snake_pit, uniq_mara, uniq_vashnia
Orc:1:    basic_altar, serial_shops, shop
Orc:2:    st_orc_ogre_mass, serial_shops, nicolae_shop_window_shopping
Bazaar:   bazaar_jpeg_triangle_bulge

Skill      XL: |  1  2  3  4  5  6  7  8  9 10 11 12 13 14 15 16 17 18 |
---------------+-------------------------------------------------------+-----
Dodging        | 1 2 3 4 5 6 7 8 9 10 | 10.1
Long Blades    | 3 4 5 6 8 9 10 11 12 13 14 15 | 15.8
Shields        | 3 4 5 6 7 8 9 10 | 10.0
Fighting       | 4 5 6 7 8 9 10 11 12 | 12.3
Invocations    | 1 2 4 5 6 8 9 10 11 12 | 12.0
Armour         | 3 4 5 6 7 8 9 10 | 10.1
Spellcasting   | 2 3 4 6 7 |  7.9
Evocations     | 2 3 4 5 6 7 |  7.6
Translocations | 1 3 4 |  4.6
Charms         | 2 3 4 5 |  5.3
Air Magic      | 2 3 4 |  4.5
Throwing       | 2 |  2.0
Necromancy     | 1 2 |  2.2

Action                   |  1- 3 |  4- 6 |  7- 9 | 10-12 | 13-15 | 16-18 || total
-------------------------+-------+-------+-------+-------+-------+-------++-------
Melee: Long sword        |    73 |   104 |   240 |       |       |    27 ||   444
       Falchion          |       |       |   209 |   741 |  1053 |  1075 ||  3078
       Constrict         |       |       |       |       |   255 |   269 ||   524
       Scimitar          |       |       |       |       |       |   337 ||   337
Throw: Javelin           |       |       |       |       |    29 |    24 ||    53
 Cast: Repel Missiles    |       |       |       |       |     2 |    16 ||    18
       Apportation       |       |       |       |       |     1 |       ||     1
       Blink             |       |       |       |       |       |     2 ||     2
       Shroud of Golubri |       |       |       |       |       |    12 ||    12
       Song of Slaying   |       |       |       |       |       |    10 ||    10
Invok: Slouch            |       |       |     1 |     1 |     8 |     6 ||    16
       Step From Time    |       |       |       |       |     1 |       ||     1
 Abil: Spit Poison       |    25 |    40 |    60 |   157 |   150 |    78 ||   510
       Evoke Flight      |       |       |       |       |       |     9 ||     9
       Stop Flying       |       |       |       |       |       |     2 ||     2
Evoke: Wand              |       |       |       |     8 |    23 |    10 ||    41
       Phantom mirror    |       |       |       |       |       |     1 ||     1
  Use: Scroll            |     9 |     6 |     7 |    10 |     5 |    12 ||    49
       Potion            |       |       |     5 |    10 |     1 |     7 ||    23
 Stab: Distracted        |       |       |     1 |       |     2 |       ||     3
       Invisible         |       |       |       |     4 |       |       ||     4
  Eat: Chunk             |     2 |     7 |    12 |    18 |    33 |    34 ||   106
       Royal jelly       |       |     1 |       |     4 |     3 |       ||     8
       Meat ration       |       |       |     1 |       |     1 |       ||     2
       Fruit             |       |       |       |     1 |       |       ||     1
Armor: Scale mail        |    21 |    36 |   131 |   190 |   116 |       ||   494
       Ring mail         |       |       |     1 |       |       |       ||     1
       Plate armour      |       |       |       |       |   132 |   472 ||   604
Dodge: Dodged            |    12 |    19 |   142 |   339 |   395 |   511 ||  1418
       Deflected         |       |       |       |       |     2 |   103 ||   105
Block: Shield            |    37 |    24 |   265 |   519 |   688 |  1077 ||  2610
       Reflection        |       |       |       |       |       |   157 ||   157
       Rpst.: Long sword |     4 |     4 |    20 |       |       |       ||    28
       Falchion          |       |       |    20 |    91 |    98 |    77 ||   286
       Scimitar          |       |       |       |       |       |    25 ||    25
